AoeStats
← meditator27

Arabia

509005594Analyzed
2v2 RM · 6d ago on Sep 25, 2026· 38m 18s· 4 players
Game mode
Random Map
Map size
Medium (4 player)
Population
200
Speed
Normal
Resources
Standard
Victory
Conquest
Starting age
Dark Age
Ending age
Imperial Age
RankedLock teamsTeams togetherTeam positionsShared explorationLock speedFull tech treeHidden civsTurbo modeCheats
Victory
Defeat
🇲🇽 Danes · Mexico
1227
+19
🇹🇼 Franks · Taiwan
1186
+21
🇲🇽 Varangians · Mexico
1298
-20
🇲🇽 Varangians · Mexico
1297
-20
Exori
8:01 Loom
10:21 Feudal Age
11:20 Double-Bit Axe
13:37 Town Watch
14:06 Fletching
20:14 Wheelbarrow
22:20 Castle Age
22:41 Horse Collar
22:53 Gold Mining
22:57 Crossbowman
23:33 Bodkin Arrow
23:56 Thumb Ring
24:25 Bow Saw
24:19 Padded Archer Armor
28:04 Heated Shot
29:09 Ballistics
33:09 Leather Archer Armor
37:28 Bloodlines
37:20 Husbandry
meditator27
6:10 Loom
9:47 Feudal Age
10:22 Double-Bit Axe
21:04 Castle Age
19:36 Forging
20:02 Scale Barding Armor
22:10 Bow Saw
22:48 Chain Barding Armor
24:41 Wheelbarrow
28:33 Hand Cart
28:38 Husbandry
29:15 Iron Casting
28:42 Gold Mining
35:15 Stone Mining
Mankito77
6:42 Loom
9:20 Feudal Age
9:21 Man-at-Arms
16:55 Horse Collar
18:12 Double-Bit Axe
24:12 Castle Age
23:17 Wheelbarrow
22:28 Town Watch
24:09 Bloodlines
24:11 Forging
35:20 Husbandry
36:34 Bow Saw
37:49 Scale Barding Armor
Marldox
4:52 Loom
10:17 Feudal Age
14:03 Double-Bit Axe
16:19 Bloodlines
16:44 Horse Collar
19:00 Scale Barding Armor
22:54 Castle Age
21:47 Forging
24:23 Iron Casting
26:27 Husbandry
28:50 Light Cavalry
35:32 Chain Barding Armor
36:46 Wheelbarrow
Connection lost

Rejoining the realm…

Still unreachable

The connection could not be restored.

Session expired

The server has moved on; the page needs a fresh start.